[Event "Betsys MČR v online bleskovém šachu 2021"]
[Site "Chess.com"]
[Date "2021.04.17"]
[Round "8"]
[White "milanpetras"]
[Black "florenc1330"]
[Result "0-1"]
[WhiteElo "1843"]
[BlackElo "2097"]
[TimeControl "180+1"]
[EndTime "10:20:00 PDT"]
[Termination "Uživatel florenc1330 zvítězil po vzdání soupeře"]

1. e4 d5 2. Nc3 d4 3. Nce2 d3 4. cxd3 Nc6 5. Nc3 g6 6. f4 Bg7 7. Nf3 Nf6 8. Be2 O-O 9. O-O Nd4 10. Kh1 Nxe2 11. Qxe2 c5 12. b3 b6 13. e5 Ng4 14.
Nb5 Ba6 15. a4 Qd7 16. d4 cxd4 17. Nfxd4 Nh6 18. d3 Rfd8 19. Rd1 Nf5 20. Nxf5 Qxf5 21. Ba3 Bxb5 22. axb5 Rd7 23. Qe3 g5 24. Qe4 Qxe4 25.
dxe4 Rxd1+ 26. Rxd1 gxf4 27. Bxe7 Bxe5 28. Rd7 Rc8 29.
h3 Rc1+ 30. Kh2 f3+ 31. g3 f2 32. Bf6 Bxf6 0-1

[Event "Betsys MČR v online bleskovém šachu 2021"]
[Site "Chess.com"]
[Date "2021.04.17"]
[Round "8"]
[White "Jaja15F"]
[Black "adambelaska"]
[Result "1-0"]
[WhiteElo "1140"]
[BlackElo "1412"]
[TimeControl "180+1"]
[EndTime "10:20:00 PDT"]
[Termination "Uživatel Jaja15F zvítězil matem"]

1. d4 d5 2. c4 e6 3. Nc3 Nf6 4.
e3 Nbd7 5. Nf3 Bb4 6. Bd2 O-O 7. Bd3 dxc4 8. Bxc4 Bxc3 9. Bxc3 Nd5 10. Bxd5 exd5 11.
O-O Nf6 12. Re1 Bf5 13. Bb4 Ne4 14. Bxf8 Qxf8 15. Nh4 Bg6 16. f3 Ng5 17. Nxg6 fxg6 18. f4 Ne4 19. Qb3 c6 20. Qxb7 Rb8 21. Qxc6 Nf6 22. b3 Ne4 23. Qxd5+ Qf7 24. Qxe4 Re8 25. Qd3 Qe6 26. Rac1 Rc8 27. Rc2 Rxc2 28. Qxc2 Kf7 29.
Qc4 a5 30. Qxe6+ Kxe6 31. Rc1 Kd5 32. Kf2 Ke4 33. a3 Kd5 34. b4 axb4 35. axb4 Kd6 36. b5 Kd5 37. b6 Ke4 38. b7 Kd3 39. b8=Q Kd2 40. Qb2+ Kd3 41. Rc3+ Ke4 42. Qc2+ Kd5 43. Rc5+ Ke6 44. Qe4+ Kf6 45. Qe5+ Kf7 46. Rc7+ Kg8 47. Qe8# 1-0

[Event "Betsys MČR v online bleskovém šachu 2021"]
[Site "Chess.com"]
[Date "2021.04.17"]
[Round "8"]
[White "Trickov"]
[Black "kubaches123"]
[Result "1-0"]
[WhiteElo "2400"]
[BlackElo "2081"]
[TimeControl "180+1"]
[EndTime "10:20:03 PDT"]
[Termination "Uživatel Trickov zvítězil po vzdání soupeře"]

1. d4 Nf6 2. Nf3 e6 3. g3 d5 4.
Bg2 c5 5. O-O Nc6 6. c4 dxc4 7.
Qa4 Bd7 8. Qxc4 cxd4 9. Nxd4 Rc8 10.
Nc3 Be7 11. Rd1 Nxd4 12. Qxd4 O-O 13. Qxa7 Qc7 14. Qxb7 Qxb7 15. Bxb7 Rb8 16. Bf3 h6 17. a4 Rfc8 18. a5 Bb4 19. Bf4 Ra8 20. Bxa8 Rxa8 21. a6 Bxc3 22. bxc3 Nd5 23. c4 Nxf4 24. gxf4 Bc6 25.
a7 1-0

[Event "Betsys MČR v online bleskovém šachu 2021"]
[Site "Chess.com"]
[Date "2021.04.17"]
[Round "8"]
[White "Bartusman"]
[Black "masterofbuzkashi"]
[Result "1-0"]
[WhiteElo "1984"]
[BlackElo "2230"]
[TimeControl "180+1"]
[EndTime "10:20:05 PDT"]
[Termination "Uživatel Bartusman zvítězil po vzdání soupeře"]

1. e4 c5 2. Nf3 Nc6 3. b4 cxb4 4. d4 d5 5. exd5 Qxd5 6. c4 bxc3 7. Nxc3 Qd8 8. d5 Nb8 9. Bc4 Nf6 10. O-O g6 11. Re1 Bg7 12. Ba3 Bf8 13. Qd4 Nbd7 14. Ng5 Qb6 15. Qf4 Qa5 16. Nb5 h6 17. Nc7+ Qxc7 18.
Qxc7 hxg5 19. Re2 Bh6 20. Rxe7+ Kf8 21. Rxd7+ Kg7 22. Rxf7+ Kg8 23. d6 1-0

[Event "Betsys MČR v online bleskovém šachu 2021"]
[Site "Chess.com"]
[Date "2021.04.17"]
[Round "8"]
[White "veronikam"]
[Black "Tah_na_g12"]
[Result "1-0"]
[WhiteElo "1508"]
[BlackElo "1179"]
[TimeControl "180+1"]
[EndTime "10:20:06 PDT"]
[Termination "Uživatel veronikam zvítězil po vzdání soupeře"]

1. e4 e5 2. Nf3 Nc6 3. Bb5 a6 4. Ba4 Nf6 5. O-O Bc5 6. d4 exd4 7. e5 Nd5 8. Bxc6 dxc6 9. Nxd4 Nb6 10. Nb3 Qxd1 11. Rxd1 Be7 12. Nc3 O-O 13. Bf4 Be6 14. Nd4 Rad8 15. Nxe6 fxe6 16. Bg3 Bc5 17. Ne4 Bd4 18. c3 Bxe5 19. Bxe5 Rd5 20. Bxc7 Nc4 21. b3 Ne5 22. Rxd5 exd5 23. Bxe5 dxe4 24. Re1 Re8 25. Rxe4 Kf7 26. f4 Rd8 27. Bd4 g6 28. Kf2 Re8 29. Rxe8 Kxe8 30. Kf3 Kf7 31. Ke4 Ke6 32.
g4 h5 33. gxh5 gxh5 34. f5+ Kf7 35. Kf4 b5 36. Kg5 a5 37. Kxh5 a4 38. Kg5 axb3 39. axb3 Ke7 40. Kg6 Kd6 41. f6 Kd5 42. f7 c5 43.
Bxc5 Kxc5 44. f8=Q+ Kd5 45. Qd8+ Ke4 46. h4 Kf4 47. h5 1-0

[Event "Betsys MČR v online bleskovém šachu 2021"]
[Site "Chess.com"]
[Date "2021.04.17"]
[Round "8"]
[White "TomasOrnet1"]
[Black "doktorovak"]
[Result "0-1"]
[WhiteElo "1492"]
[BlackElo "1669"]
[TimeControl "180+1"]
[EndTime "10:20:11 PDT"]
[Termination "Uživatel doktorovak zvítězil na čas"]

1. e4 c5 2. Bc4 e6 3. Nf3 Nc6 4. d3 Nge7 5. Be3 Ng6 6. O-O Be7 7. c3 O-O 8. Qd2 d5 9. exd5 exd5 10. Bb3 d4 11. cxd4 cxd4 12. Nxd4 Nxd4 13. Qc3 Bf6 14. Bxd4 Bxd4 15. Qc2 Bf5 16. Nc3 Rc8 17. Qd2 Bxc3 18. bxc3 Qxd3 19. Qg5 Rxc3 20. h4 Qe4 21. h5 Nf4 22.
Rfe1 Ne2+ 23. Rxe2 Qxe2 24. Qxf5 Rc6 25. Qg5 Rf6 26.
Qg3 Qxh5 27. Bd5 b6 28. Bb3 Rh6 29. f3 Qh1+ 0-1

[Event "Betsys MČR v online bleskovém šachu 2021"]
[Site "Chess.com"]
[Date "2021.04.17"]
[Round "8"]
[White "Herracek"]
[Black "fortale"]
[Result "1-0"]
[WhiteElo "2612"]
[BlackElo "2333"]
[TimeControl "180+1"]
[EndTime "10:20:12 PDT"]
[Termination "Uživatel Herracek zvítězil po vzdání soupeře"]

1. c4 Nf6 2. g3 g6 3. Bg2 Bg7 4. Nc3 d6 5. d3 O-O 6. Bg5 c6 7. Qd2 Qa5 8. Bh6 Bxh6 9. Qxh6 Qb6 10. Qd2 Na6 11. Nf3 Qa5 12. O-O Qh5 13. Rfe1 Bh3 14. Bh1 Nc5 15. b4 Ne6 16. b5 Rac8 17. bxc6 bxc6 18.
Rab1 Rb8 19. Qe3 c5 20. Nd5 Rxb1 21. Nxe7+ Kg7 22. Rxb1 Ng4 23. Qd2 Re8 24. Qc3+ f6 25. Rb7 Kf8 26. Nd5 Ne5 27. Nxf6 Nd4 28. Nxd4 cxd4 29.
Qxd4 1-0

[Event "Betsys MČR v online bleskovém šachu 2021"]
[Site "Chess.com"]
[Date "2021.04.17"]
[Round "8"]
[White "SamikGame"]
[Black "adiklan"]
[Result "1-0"]
[WhiteElo "1677"]
[BlackElo "1897"]
[TimeControl "180+1"]
[EndTime "10:20:13 PDT"]
[Termination "Uživatel SamikGame zvítězil matem"]

1. e4 c5 2. c4 g6 3. Nc3 Bg7 4. g3 Nc6 5. Bg2 d6 6. Nge2 f5 7. O-O Nf6 8. d3 O-O 9. h3 Rb8 10. Be3 e5 11. exf5 Bxf5 12. f4 Nd4 13. fxe5 dxe5 14.
Bg5 Nxe2+ 15. Nxe2 Bxd3 16. Bd5+ Nxd5 17. Bxd8 Rxf1+ 18. Qxf1 Rxd8 19. cxd5 Rxd5 20. Rd1 e4 21. Qg2 Re5 22. Nf4 Bb5 23. Rd8+ Kf7 24. Qc2 Bc6 25. Qc4+ Ke7 26. Ra8 Rf5 27. Qe6# 1-0

[Event "Betsys MČR v online bleskovém šachu 2021"]
[Site "Chess.com"]
[Date "2021.04.17"]
[Round "8"]
[White "Petulak08"]
[Black "Bagr92"]
[Result "0-1"]
[WhiteElo "1179"]
[BlackElo "1531"]
[TimeControl "180+1"]
[EndTime "10:20:13 PDT"]
[Termination "Uživatel Bagr92 zvítězil matem"]

1. e4 c5 2. Nf3 e6 3. d4 cxd4 4.
Nxd4 Nf6 5. Nc3 d6 6. Bg5 Be7 7. Bd3 O-O 8. Qf3 h6 9. Bf4 Nc6 10. Ndb5 a6 11. Na3 Nd4 12. Qe3 e5 13. Bg3 b5 14. Ne2 Bb7 15. Nxd4 exd4 16. Qxd4 d5 17. exd5 Nxd5 18. Be4 Bf6 19. Qd3 Re8 20. O-O Rxe4 21. Qxe4 Bxb2 22. Rad1 Bxa3 23. Rd3 Bb4 24. Rfd1 Qe8 25.
Qg4 Rd8 26. Rxd5 Rxd5 27. Qxb4 Rxd1+ 28. Qe1 Rxe1# 0-1

[Event "Betsys MČR v online bleskovém šachu 2021"]
[Site "Chess.com"]
[Date "2021.04.17"]
[Round "8"]
[White "Alesbar"]
[Black "Milan_Jancek"]
[Result "1/2-1/2"]
[WhiteElo "1614"]
[BlackElo "1816"]
[TimeControl "180+1"]
[EndTime "10:20:20 PDT"]
[Termination "Remíza opakováním pozice"]

1. Nf3 d5 2. g3 Nf6 3. Bg2 c6 4. O-O g6 5. d4 Bg7 6. c3 O-O 7.
Nbd2 Bd7 8. Re1 Re8 9. Ne5 Bf5 10.
Ndf3 Nbd7 11. Nh4 Be6 12. Nhf3 Nxe5 13. Nxe5 Nd7 14. Nxd7 Bxd7 15. e4 dxe4 16. Bxe4 e5 17. dxe5 Bxe5 18. Bg2 Qc7 19. Be3 Rad8 20. Qb3 Be6 21.
Qc2 Bf5 22. Qb3 Bg7 23. Rad1 Rxd1 24. Rxd1 Be6 25. Qa3 a6 26. Bf4 Qb6 27. Be3 Qb5 28. Bf1 Bc4 29. Bxc4 Qxc4 30. Rd7 Qb5 31. Qb3 Qf5 32.
Qxb7 Qb1+ 33. Kg2 Qe4+ 34. Kg1 Qb1+ 35. Kg2 Qe4+ 36. Kg1 Qb1+ 1/2-1/2

[Event "Betsys MČR v online bleskovém šachu 2021"]
[Site "Chess.com"]
[Date "2021.04.17"]
[Round "8"]
[White "CZMaster666"]
[Black "RadosC"]
[Result "0-1"]
[WhiteElo "1926"]
[BlackElo "2491"]
[TimeControl "180+1"]
[EndTime "10:20:21 PDT"]
[Termination "Uživatel RadosC zvítězil matem"]

1. e4 c5 2. Nf3 Nc6 3. d4 cxd4 4. Nxd4 Nf6 5. Nc3 e5 6. Ndb5 d6 7. Bg5 a6 8. Na3 b5 9. Nd5 Be7 10. Bxf6 Bxf6 11. c3 Ne7 12. Nc2 Nxd5 13. Qxd5 Rb8 14.
Nb4 Bb7 15. Qd3 O-O 16. Be2 Bg5 17. Rd1 a5 18. Nd5 Bc6 19. O-O g6 20. b4 f5 21.
exf5 gxf5 22. f4 e4 23. Qg3 Kh8 24. Qxg5 Qd7 25. Nf6 Qe6 26. Nh5 Rf7 27. Rd4 Rg8 28.
Qh4 Qxa2 29. Nf6 Rxg2+ 30. Kxg2 Qxe2+ 31. Rf2 e3+ 32. Kh3 exf2 33. Qg3 f1=Q+ 34. Kh4 Rxf6 35.
Rxd6 Rxd6 36. Qg5 Qxh2# 0-1

[Event "Betsys MČR v online bleskovém šachu 2021"]
[Site "Chess.com"]
[Date "2021.04.17"]
[Round "8"]
[White "Maldaj"]
[Black "VitaRasik"]
[Result "0-1"]
[WhiteElo "2414"]
[BlackElo "2618"]
[TimeControl "180+1"]
[EndTime "10:20:22 PDT"]
[Termination "Uživatel VitaRasik zvítězil po vzdání soupeře"]

1. e4 d6 2. d4 g6 3. Nc3 Bg7 4. f4 Nf6 5. Nf3 O-O 6. e5 dxe5 7. fxe5 Nd5 8. Bc4 Be6 9. Bb3 c5 10. O-O cxd4 11. Nxd4 Nxc3 12. bxc3 Bxb3 13. axb3 Bxe5 14. Bh6 Bg7 15. Bxg7 Kxg7 16. Qf3 Nc6 17. Nxc6 bxc6 18. Qxc6 Qb6+ 19. Qxb6 axb6 20. c4 e5 21. Kf2 f5 22.
Ke3 Kf6 23. Rfd1 Ke6 24. b4 Rxa1 25. Rxa1 Rc8 26. Ra6 Rxc4 27. Rxb6+ Kd5 28. Rb5+ Kd6 29. Rb6+ Kc7 30. Re6 e4 31. Re7+ Kd6 32. Rxh7 Rxc2 33. g4 Ke5 34. gxf5 gxf5 35. Re7+ Kf6 36. Rh7 Rb2 37.
Kf4 Rf2+ 38. Ke3 Rf3+ 39. Ke2 Rb3 40. Rh6+ Ke5 41. Rb6 Kf4 42. h4 Rb2+ 43. Kd1 Kf3 44. h5 e3 45. Re6 Rxb4 46. h6 Rh4 47. Re5 f4 48. Re6 Kf2 49. Re4 Rh1+ 50. Kc2 f3 0-1

[Event "Betsys MČR v online bleskovém šachu 2021"]
[Site "Chess.com"]
[Date "2021.04.17"]
[Round "8"]
[White "Hapinka"]
[Black "AdeeJa"]
[Result "1/2-1/2"]
[WhiteElo "1821"]
[BlackElo "1638"]
[TimeControl "180+1"]
[EndTime "10:20:26 PDT"]
[Termination "Remíza opakováním pozice"]

1. e4 c5 2. Nf3 Nc6 3. d4 cxd4 4. Nxd4 g6 5. Nc3 Bg7 6. Be3 Nf6 7. Be2 O-O 8. O-O d5 9. Nxc6 bxc6 10. e5 Ne8 11. f4 Nc7 12. Bc5 Ne6 13. Ba3 Qb6+ 14. Kh1 Nc5 15. Qd4 Nd7 16. Qxb6 Nxb6 17. Bxe7 Re8 18.
Bd6 Bf5 19. Bd3 Bxd3 20. cxd3 Nc8 21. Bc5 a5 22. Rae1 Ne7 23. Na4 Nf5 24. g4 Ne7 25. f5 gxf5 26. gxf5 f6 27. exf6 Bxf6 28. Re6 Kf7 29.
Rfe1 Nxf5 30. Rxe8 Rxe8 31. Rf1 Kg6 32. Rg1+ Kf7 33. Rf1 Kg6 34. Rg1+ Kf7 35. Rf1 1/2-1/2

[Event "Betsys MČR v online bleskovém šachu 2021"]
[Site "Chess.com"]
[Date "2021.04.17"]
[Round "8"]
[White "Pantata007"]
[Black "Mitram64"]
[Result "0-1"]
[WhiteElo "2263"]
[BlackElo "2090"]
[TimeControl "180+1"]
[EndTime "10:20:28 PDT"]
[Termination "Uživatel Mitram64 zvítězil na čas"]

1. d4 Nf6 2. c4 c5 3. d5 e5 4.
Nc3 d6 5. e4 Be7 6. g3 O-O 7.
Bg2 Ne8 8. Nge2 g6 9. O-O Ng7 10. Be3 Nd7 11. a3 f5 12. f4 Bf6 13. Qc2 Nb6 14.
b3 fxe4 15. Nxe4 Nf5 16. Nxf6+ Qxf6 17. Bf2 Bd7 18. fxe5 Qxe5 19. Rae1 Ne3 20. Bxe3 Qxe3+ 21. Kh1 Rae8 22. Ng1 Qd4 23. Rxf8+ Rxf8 24. Nf3 Qf6 25. a4 Bf5 26. Qd2 Nd7 27. Qe2 Bg4 28. Rf1 Qc3 29.
Qe1 Qxb3 30. Qe7 Qc3 0-1

[Event "Betsys MČR v online bleskovém šachu 2021"]
[Site "Chess.com"]
[Date "2021.04.17"]
[Round "8"]
[White "nw_tynka"]
[Black "Pekibeast"]
[Result "1-0"]
[WhiteElo "2179"]
[BlackElo "1874"]
[TimeControl "180+1"]
[EndTime "10:20:28 PDT"]
[Termination "Uživatel nw_tynka zvítězil po vzdání soupeře"]

1. e4 e6 2. d4 d5 3. Nc3 dxe4 4. Nxe4 Nf6 5. Bd3 Nxe4 6. Bxe4 Nd7 7. Ne2 Nf6 8. Bf3 c6 9. O-O Bd6 10. c3 O-O 11.
Bf4 Re8 12. Re1 Qc7 13. Bxd6 Qxd6 14. Qb3 Rb8 15. Ng3 Bd7 16. Re5 Rec8 17. Rae1 c5 18. dxc5 Rxc5 19. Rxc5 Qxc5 20. Rd1 Bc6 21. Bxc6 Qxc6 22.
Qa3 Nd5 23. Ne2 a6 24. Nd4 Qc7 25. Qb3 Rd8 26. Nf3 Rc8 27. g3 h6 28. Rd4 Qc5 29.
Qd1 b5 30. a4 Rd8 31. axb5 axb5 32. Nd2 e5 33. Ne4 Qc6 34. Rd2 f5 35. c4 bxc4 36. Nc3 e4 37. Rxd5 Rf8 38. Rd8 e3 39. fxe3 Qb6 40. Rxf8+ Kxf8 41. Qd2 Ke7 42. Nd5+ 1-0

[Event "Betsys MČR v online bleskovém šachu 2021"]
[Site "Chess.com"]
[Date "2021.04.17"]
[Round "8"]
[White "Svisthorsky"]
[Black "dzerenyss"]
[Result "1-0"]
[WhiteElo "1462"]
[BlackElo "1103"]
[TimeControl "180+1"]
[EndTime "10:20:29 PDT"]
[Termination "Uživatel Svisthorsky zvítězil na čas"]

1. d4 d5 2. Bf4 e6 3. c4 c6 4. Nc3 Bb4 5. a3 Ba5 6. b4 Bb6 7. Nf3 Nf6 8. e3 Nbd7 9. Bg5 O-O 10. Bd3 h6 11. Bh4 Qe8 12. O-O Bc7 13. b5 cxb5 14.
Nxb5 Ba5 15. Bg3 Ne4 16. Bxe4 dxe4 17. Nd2 Nf6 18. Bd6 a6 19. Bxf8 Qxf8 20. Qa4 axb5 21. cxb5 Bxd2 22. Qxa8 Bc3 23. Rac1 Bb2 24. Rxc8 Ne8 25.
Rxe8 1-0

[Event "Betsys MČR v online bleskovém šachu 2021"]
[Site "Chess.com"]
[Date "2021.04.17"]
[Round "8"]
[White "chessbeer17"]
[Black "Rubinus"]
[Result "1-0"]
[WhiteElo "2353"]
[BlackElo "2170"]
[TimeControl "180+1"]
[EndTime "10:20:33 PDT"]
[Termination "Uživatel chessbeer17 zvítězil po vzdání soupeře"]

1. d4 d5 2. c4 Nc6 3. e3 e5 4.
cxd5 Qxd5 5. Nc3 Bb4 6. Nf3 exd4 7. Nxd4 Nxd4 8. Qxd4 Qxd4 9. exd4 c6 10. Bc4 Nf6 11. O-O O-O 12. Bg5 Bxc3 13. bxc3 Ne4 14. Be7 Re8 15. Bb4 a5 16. f3 axb4 17. fxe4 Be6 18. d5 cxd5 19. exd5 Bg4 20. cxb4 Re4 21. Rac1 Rc8 22. Bb3 Rxc1 23. Rxc1 Rxb4 24. h3 Bd7 25. Rc7 Be8 26. d6 Rd4 27. Rc8 Kf8 28. Ba4 Rxa4 29. d7 Re4 30. d8=Q g6 31. Qd6+ Kg7 32. Qd5 Re6 33.
Rc7 Kf6 34. Qd4+ Kf5 35. Rc5+ 1-0

[Event "Betsys MČR v online bleskovém šachu 2021"]
[Site "Chess.com"]
[Date "2021.04.17"]
[Round "8"]
[White "LiborRojar"]
[Black "OlifantCZ"]
[Result "0-1"]
[WhiteElo "2075"]
[BlackElo "2295"]
[TimeControl "180+1"]
[EndTime "10:20:33 PDT"]
[Termination "Uživatel OlifantCZ zvítězil matem"]

1. e4 e6 2. d4 d5 3. e5 c5 4. Qg4 cxd4 5. Nf3 Nc6 6. Bd3 Nge7 7. O-O Ng6 8. Re1 Bb4 9. Bd2 Bxd2 10. Nbxd2 Qc7 11. Qg3 Bd7 12. Nb3 O-O-O 13. Nbxd4 Nxd4 14. Nxd4 Kb8 15. a4 Rhg8 16. a5 Rde8 17. Qe3 f6 18.
f4 f5 19. Ra3 Ne7 20. b4 h6 21.
Bb5 g5 22. a6 b6 23. Rc1 Bxb5 24. Nxb5 Qd7 25. Nd6 gxf4 26. Qxf4 Rg4 27. Qe3 Reg8 28.
g3 f4 29. Qf2 fxg3 30. Rxg3 Nc6 31. b5 Nxe5 32. Nb7 Rxg3+ 33. hxg3 Qg7 34. Kg2 Ng4 35. Qf3 Qd4 36. Nd6 Qd2+ 37. Kh3 Nf2+ 38. Kh4 Qg5# 0-1

[Event "Betsys MČR v online bleskovém šachu 2021"]
[Site "Chess.com"]
[Date "2021.04.17"]
[Round "8"]
[White "DiscoSTU666"]
[Black "Devasales"]
[Result "1-0"]
[WhiteElo "1878"]
[BlackElo "1614"]
[TimeControl "180+1"]
[EndTime "10:20:33 PDT"]
[Termination "Uživatel DiscoSTU666 zvítězil po vzdání soupeře"]

1. e4 c5 2. Nf3 d6 3. d4 cxd4 4. Nxd4 Nf6 5. Nc3 g6 6. Be3 Bg7 7. f3 a6 8. Qd2 Bd7 9. O-O-O Nc6 10. Kb1 b5 11. g4 b4 12. Nce2 a5 13. h4 h5 14. gxh5 Nxh5 15. f4 Qc7 16. Bh3 Nxd4 17. Bxd4 Bxd4 18. Qxd4 Rf8 19. Bxd7+ Qxd7 20. e5 Rd8 21.
Qb6 Ng7 22. exd6 exd6 23. Rhe1 Ne6 24. Nd4 Ke7 25. f5 gxf5 26. Nxf5+ Kf6 27. Nxd6 Rb8 28. Ne4+ 1-0

[Event "Betsys MČR v online bleskovém šachu 2021"]
[Site "Chess.com"]
[Date "2021.04.17"]
[Round "8"]
[White "MBorkovec"]
[Black "MrNikdo"]
[Result "1-0"]
[WhiteElo "2280"]
[BlackElo "2047"]
[TimeControl "180+1"]
[EndTime "10:20:36 PDT"]
[Termination "Uživatel MBorkovec zvítězil po vzdání soupeře"]

1. e4 c5 2. Nf3 Nc6 3. d4 cxd4 4. Nxd4 Nf6 5. Nc3 e5 6. Ndb5 d6 7. Bg5 a6 8. Na3 b5 9. Nd5 Qa5+ 10. Bd2 Qd8 11.
Bg5 Qa5+ 12. Bd2 Qd8 13. Nxf6+ Qxf6 14. c3 Qg6 15. Qe2 Be7 16. g3 Bg4 17. f3 Be6 18.
Bg2 O-O 19. O-O d5 20. exd5 Bxd5 21. Rfe1 Rae8 22. Nc2 Bc4 23. Qd1 Bd3 24. Ne3 Bc5 25.
Kh1 f5 26. a4 f4 27. Ng4 h5 28. axb5 axb5 29. gxf4 exf4 30. Rxe8 Rxe8 31. Bxf4 hxg4 32. fxg4 Re2 33. Ra6 Be4 34. Qxe2 Bxg2+ 35. Kxg2 Qb1 36. Rxc6 1-0

[Event "Betsys MČR v online bleskovém šachu 2021"]
[Site "Chess.com"]
[Date "2021.04.17"]
[Round "8"]
[White "HCMotorCB"]
[Black "penguinorodriguez"]
[Result "0-1"]
[WhiteElo "2381"]
[BlackElo "2546"]
[TimeControl "180+1"]
[EndTime "10:20:43 PDT"]
[Termination "Uživatel penguinorodriguez zvítězil po vzdání soupeře"]

1. d4 e6 2. g3 d5 3. Bg2 f5 4.
Nf3 Nf6 5. Bf4 Bd6 6. Nbd2 b5 7. c3 Nc6 8. O-O O-O 9. a4 b4 10. c4 Ba6 11. Rc1 Bxf4 12. gxf4 Qd6 13. e3 Ne4 14. Re1 Na5 15. c5 Qd8 16. Nxe4 fxe4 17. Ne5 Qf6 18. Kh1 Nc4 19. Nd7 Qh4 20. Nxf8 Rxf8 21. Qc2 g5 22. b3 Na3 23. Qd2 gxf4 24.
Rg1 Kh8 25. Bf1 fxe3 26. Qxe3 Rxf2 27. Qg3 Qxg3 28. hxg3 Bxf1 29. Rcxf1 Rxf1 30. Rxf1 Nc2 31. Rf7 e3 32. Re7 e2 33. Rxe6 e1=Q+ 34. Rxe1 Nxe1 35.
c6 Nc2 36. Kg2 Nxd4 37. Kf2 Nxb3 38. Ke3 Nc5 39. Kd4 b3 40. Kxc5 b2 0-1

[Event "Betsys MČR v online bleskovém šachu 2021"]
[Site "Chess.com"]
[Date "2021.04.17"]
[Round "8"]
[White "SayQueen"]
[Black "Trener-Pokrocili"]
[Result "0-1"]
[WhiteElo "2005"]
[BlackElo "2251"]
[TimeControl "180+1"]
[EndTime "10:20:43 PDT"]
[Termination "Uživatel Trener-Pokrocili zvítězil po vzdání soupeře"]

1. e4 g6 2. d4 Bg7 3. Nc3 a6 4. Nf3 b5 5. a3 Bb7 6. Bg5 d6 7.
Qd2 Nd7 8. Bd3 Nb6 9. O-O h6 10. Be3 Nf6 11. h3 Nfd7 12. Rfe1 Rc8 13. a4 b4 14. Ne2 a5 15. c3 c5 16. dxc5 Nxc5 17.
Bb5+ Kf8 18. Bxc5 dxc5 19. Qxd8+ Rxd8 20. Rad1 Rxd1 21. Rxd1 Kg8 22. cxb4 cxb4 23. b3 Bxe4 24. Nfd4 Kh7 25. f3 Bd5 26. Nc1 Rc8 27. Kf2 Bxd4+ 28.
Rxd4 Rxc1 29. Kg3 e6 30. Be8 Kg7 31. Rd3 Rc3 0-1

[Event "Betsys MČR v online bleskovém šachu 2021"]
[Site "Chess.com"]
[Date "2021.04.17"]
[Round "8"]
[White "Lunaticx"]
[Black "vit_rosenbaum"]
[Result "1-0"]
[WhiteElo "2980"]
[BlackElo "2264"]
[TimeControl "180+1"]
[EndTime "10:20:44 PDT"]
[Termination "Uživatel Lunaticx zvítězil na čas"]

1. e4 e6 2. d4 d5 3. Nd2 Nf6 4. e5 Nfd7 5. Bd3 c5 6. c3 Nc6 7.
Ngf3 cxd4 8. cxd4 f6 9. exf6 Nxf6 10. O-O Bd6 11. Re1 O-O 12. Nf1 Bd7 13. Ng3 g6 14. a3 Qc7 15. b4 a6 16. Bh6 Rf7 17. Rc1 Ng4 18. Bg5 Raf8 19. Bb1 Bf4 20. Bxf4 Rxf4 21.
h3 Nh6 22. Qd2 Kg7 23. Qe3 Nf5 24. Nxf5+ exf5 25. Ne5 Rh4 26. Nf3 Rf4 27. g3 Rxf3 28. Qxf3 Nxd4 29. Qxd5 Qb6 30. Qxd7+ Rf7 31. Qd5 1-0

[Event "Betsys MČR v online bleskovém šachu 2021"]
[Site "Chess.com"]
[Date "2021.04.17"]
[Round "8"]
[White "horvi1"]
[Black "Filipdol"]
[Result "1-0"]
[WhiteElo "2239"]
[BlackElo "1908"]
[TimeControl "180+1"]
[EndTime "10:20:44 PDT"]
[Termination "Uživatel horvi1 zvítězil po vzdání soupeře"]

1. e4 c5 2. Nf3 a6 3. d4 cxd4 4. Nxd4 Nf6 5. Nc3 e5 6. Nf3 Bb4 7. Bc4 Qc7 8. Qd3 d5 9. Bxd5 Nxd5 10. exd5 f5 11. Bd2 O-O 12. Qe2 e4 13. Nd4 Qe5 14.
Qc4 Bd6 15. Nce2 b5 16. Qb3 f4 17. O-O-O Bb7 18. Nc6 Bxc6 19. dxc6+ Kh8 20. Bc3 Qe7 21.
Qd5 Rf6 22. Bxf6 Qxf6 23. c7 Bxc7 24. Qxa8 Be5 25. Kb1 f3 26. Qd5 h6 27. Qd8+ Kh7 28.
Qxf6 Bxf6 29. gxf3 exf3 1-0

[Event "Betsys MČR v online bleskovém šachu 2021"]
[Site "Chess.com"]
[Date "2021.04.17"]
[Round "8"]
[White "TheFr0zenSun"]
[Black "Krejcak"]
[Result "1-0"]
[WhiteElo "2251"]
[BlackElo "2013"]
[TimeControl "180+1"]
[EndTime "10:20:47 PDT"]
[Termination "Uživatel TheFr0zenSun zvítězil po vzdání soupeře"]

1. d4 Nf6 2. Nf3 g6 3. c4 Bg7 4. Nc3 O-O 5. e4 d6 6. Be2 c5 7. d5 b5 8. cxb5 a6 9. O-O axb5 10. Bxb5 Ba6 11. Bxa6 Nxa6 12. Bg5 h6 13. Bf4 Nh5 14. Be3 Qb6 15. Qd2 Kh7 16. Rab1 Rfb8 17. a3 Nc7 18. b4 Rxa3 19. bxc5 Bxc3 20. Rxb6 Bxd2 21. Rxb8 Bxe3 22. cxd6 exd6 23. fxe3 Rxe3 24. Rb7 Ne8 25. Rxf7+ Neg7 26. g4 Kg8 27. Nd2 Re2 28. R7f2 Nf4 29. Rxf4 Rxd2 30. Rf6 Re2 31. Rxd6 Rxe4 32. Rxg6 Kh7 33. Rff6 Rd4 34. d6 Kg8 35. h3 Rd3 36. Kg2 Rd4 37. Rxh6 1-0

[Event "Betsys MČR v online bleskovém šachu 2021"]
[Site "Chess.com"]
[Date "2021.04.17"]
[Round "8"]
[White "PaulS_CR"]
[Black "FrantisekP"]
[Result "0-1"]
[WhiteElo "1833"]
[BlackElo "1639"]
[TimeControl "180+1"]
[EndTime "10:20:49 PDT"]
[Termination "Uživatel FrantisekP zvítězil po vzdání soupeře"]

1. Nf3 c5 2. g3 Nc6 3. Bg2 g6 4. O-O Bg7 5. c4 Nf6 6. Nc3 O-O 7.
d3 d6 8. Bg5 h6 9. Bd2 Bd7 10.
a3 a6 11. e3 Rb8 12. Qc2 Qc7 13. Nd5 Qd8 14. Rab1 Nxd5 15. cxd5 Ne5 16. Nxe5 Bxe5 17. b4 b6 18. Bc3 Bg7 19. Bxg7 Kxg7 20. Qc3+ Kh7 21. Rfc1 Bf5 22. e4 Bd7 23. f4 cxb4 24.
axb4 b5 25. Qd4 a5 26. bxa5 Qxa5 27. Rb4 Rfc8 28. Ra1 Qc7 29. h4 Qc5 30. Ra7 Qxd4+ 31. Rxd4 b4 32. Ra2 b3 33. Rb2 Rc1+ 34. Kh2 Rc2 35. Rb1 b2 36. Rc4 Rxc4 37. dxc4 Ba4 38. c5 Bc2 0-1

[Event "Betsys MČR v online bleskovém šachu 2021"]
[Site "Chess.com"]
[Date "2021.04.17"]
[Round "8"]
[White "Richter_Rudolf"]
[Black "rakintsev"]
[Result "1/2-1/2"]
[WhiteElo "1379"]
[BlackElo "1739"]
[TimeControl "180+1"]
[EndTime "10:20:50 PDT"]
[Termination "Remíza dohodou"]

1. d4 d5 2. c4 c6 3. cxd5 cxd5 4. Nc3 Nf6 5. Bf4 Bf5 6. e3 e6 7. Qb3 Qb6 8. Bb5+ Nbd7 9. Nf3 Be7 10. O-O O-O 11. Rfc1 a6 12. Bxd7 Qxb3 13. axb3 Nxd7 14. Na4 Rac8 15. Ne5 Nxe5 16. Bxe5 f6 17. Bc7 Bd8 18. Bxd8 Rfxd8 19. Nb6 Rc2 20. Rxc2 Bxc2 21. Rc1 Bxb3 22. Rc7 Rb8 23. Nd7 Rd8 24. Rxb7 Ba4 25. Nb6 Bb5 26. Rc7 Rb8 27. Rc8+ Rxc8 28. Nxc8 Kf7 29. Nd6+ Ke7 30. Nxb5 axb5 31. b4 Kf7 32. f4 e5 33. Kf2 exd4 34.
exd4 Ke6 35. g4 g5 36. f5+ Kd6 37. Kf3 h6 1/2-1/2